 Dungeon Crawl Stone Soup version 0.31-a0-664-g902f515a81 (webtiles) character file.

Game seed: 15229737383380937101

6066 Xavori the Covert (level 10, -8/58 HPs)
             Began as a Vine Stalker Chaos Knight on Sept 3, 2023.
             Was a Plaything of Xom.
             Killed from afar by an orc wizard (12 damage)
             ... with a puff of flame
             ... on level 9 of the Dungeon.
             The game lasted 00:10:07 (15975 turns).

Xavori the Covert (Vine Stalker Chaos Knight)      Turns: 15975, Time: 00:10:07

Health: -8/58      AC:  5    Str: 16    XL:     10   Next: 87%
Magic:  0/21       EV: 13    Int: 12    God:    Xom [*.....]
Gold:   516        SH:  0    Dex: 15    Spells: 23/23 levels left

rFire   . . .        v - +4 dagger
rCold   . . .        (no shield)
rNeg    . . .        b - +2 leather armour
rPois   .            (helmet currently unavailable)
rElec   +            (cloak currently unavailable)
rCorr   .            e - melded +0 pair of gloves
SInv    .            (boots currently unavailable)
Will    ++...        i - amulet of regeneration
Stlth   ++++         (no ring)
HPRegen 1.89/turn    (no ring)
MPRegen 0.17/turn

%: clarity, guardian spirit
@: mighty, lethally poisoned (-8 -> -9), beast-form
A: beast (slay +2), fangs 3, regeneration 1, magic shield, antimagic bite, no
potion heal 2, antennae 1, talons 1, clarity, clumsy 1, strong-willed 1, robust
1, electricity resistance, inability to read after injury 1
a: Begin Untransformation, Renounce Religion


You were on level 9 of the Dungeon.
You worshipped Xom.
You were a special plaything of Xom.
You were a hulking beast.
You visited 1 branch of the dungeon, and saw 9 of its levels.
You also visited: Sewer.

You collected 516 gold pieces.

Inventory:

Hand Weapons
 a - a +0 short sword of chaos
 o - a +1 dagger of holy wrath
 v - a +4 dagger (weapon)
Armour
 b - a +2 leather armour (worn)
 e - a +0 pair of gloves (melded)
Jewellery
 i - an amulet of regeneration (around neck)
 m - a ring of fire
 E - a ring of ice
 F - a ring of protection from fire
Talismans
 h - a beast talisman (active)
Wands
 p - a wand of roots (9)
Scrolls
 c - a scroll of butterflies
 d - a scroll of silence
 j - 4 scrolls of amnesia
 k - 2 scrolls of fog
 q - a scroll of enchant weapon
 y - 3 scrolls of teleportation
Potions
 f - a potion of ambrosia
 g - 2 potions of magic
 l - 3 potions of attraction
 n - 2 potions of might
 r - a potion of degeneration
 u - 3 potions of curing
 w - 3 potions of heal wounds {unknown}
 x - a potion of enlightenment {unknown}
 z - 2 potions of mutation {unknown}
 A - 3 potions of haste {unknown}
 B - a potion of invisibility {unknown}
 C - a potion of brilliance {unknown}
 D - 2 potions of resistance {unknown}


   Skills:
 + Level 5.8 Fighting
 + Level 7.5 Short Blades
 + Level 3.5 Armour
 + Level 4.3 Dodging
 + Level 8.7 Stealth
 * Level 7.1 Spellcasting
 + Level 4.4 Shapeshifting


You had 23 spell levels left.
You didn't know any spells.
Your spell library contained the following spells:

 Spells                   Type           Power      Damage    Failure   Level
 Freeze                   Ice            16%        1d4       19%         1
 Sandblast                Erth           8%         2d5       19%         1
 Passwall                 Tmut/Erth      3%         N/A       28%         2
 Frozen Ramparts          Ice            8%         1d2       50%         3
 Hailstorm                Conj/Ice       4%         3d4       50%         3
 Ozocubu's Armour         Ice            4%         N/A       50%         3
 Stone Arrow              Conj/Erth      8%         3d7       50%         3
 Ozocubu's Refrigeration  Ice            2%         4d7       100%        7


Dungeon Overview and Level Annotations

Branches:
Dungeon (9/15)             Temple (0/1) D:6           Sewer (visited)
   Lair: D:8-11         Orc: D:9-12

Altars:
Qazlal
Wu Jian
Xom

Shops:
D:4 :   D:5 :

Annotations:
D:9 Joseph


Innate Abilities, Weirdness & Mutations

You are a hulking beast.
Your limbs bulge with bestial killing power. (Slay +2)
You have razor-sharp teeth.
Your natural rate of healing is unusually fast.
When hurt, damage is shared between your health and your magic reserves.
Your bite disrupts and absorbs the magic of your enemies.
Potions cannot restore your health.
You have a pair of small antennae on your head.
You have sharp toenails.
You possess an exceptional clarity of mind.
You are clumsy. (Dex -2)
You are strong-willed. (Will+)
You are robust. (+10% HP)
You are resistant to electric shocks. (rElec)
You occasionally lose the ability to read scrolls when taking damage.


Message History

You feel very mighty all of a sudden.
Xom thinks this is hilarious!
Joseph zaps a wand.
You resist with almost no effort.
The gnoll sergeant hits you from afar with a +4 trident of chaos!
* * * LOW HITPOINT WARNING * * *
It was a potion of magic.
Magic courses through your body.
Xom roars with laughter!
Joseph hits you with a +1 quarterstaff of chaos!
* * * LOW HITPOINT WARNING * * *
Joseph freezes you.
* * * LOW HITPOINT WARNING * * *
The gnoll sergeant hits you from afar with a +4 trident of chaos!
* * * LOW HITPOINT WARNING * * *
The gnoll sergeant burns you.
Blink to where?
Press: ? - help, Dir - move target An orc wizard and 2 orcs come into view.
As you read the scroll of blinking, it crumbles to dust.
The orc shouts!
The orc wizard hits you with a +2 dagger of venom.
* * * LOW HITPOINT WARNING * * *
The orc wizard casts a spell.
The orc wizard flickers and vanishes!
Deactivating autopickup; reactivate with Ctrl-A.
The orc hits you but does no damage.
Okay, then.
The orc wizard hits you but does no damage.
You are poisoned.
The orc misses you.
Okay, then.
You feel sick.
You feel sick.
The orc wizard attacks as it pursues you!
The orc wizard closely misses you. Something hits you but does no damage.
The orc attacks as it pursues you! The orc closely misses you.
There is an open door here.
You feel sick.
The orc wizard gestures at you while chanting.
The puff of flame hits you!
You die...

.#.#.. ....## #@# .....#
#### #.## .#.#.# #..##
.....# ##..# . .#.#.# ##.#
.#. .....# ###'##..###
.#.#.# ###oo......#.
.....###########.'{o........
................h#o)......#.
##################..........
#......#.#. ######.....
.#.#. .....


You could see an orc wizard and 2 orcs.

Vanquished Creatures
  A two-headed ogre (D:8)
  Pikel (D:6)
  An ugly thing (D:8)
  A rime drake (D:7)
  4 yaks
  A steam dragon (D:6)
  3 water moccasins
  An orc warrior (D:7)
  A black bear (D:9)
  2 sky beasts
  An ice beast (D:5)
  An ogre (D:5)
  2 centaurs
  4 lemures (D:6)
  2 phantoms
  2 kobold brigands
  5 bullfrogs (D:7)
  A gnoll sergeant (D:8)
  2 scorpions
  9 wights
  2 electric eels
  4 howler monkeys
  5 orc priests
  4 hounds
  5 jellies
  A sleepcap (D:4)
  Ijyb (D:3)
  2 iguanas (D:5)
  Natasha (thrice) (D:3)
  9 orc wizards
  Terence (D:3)
  Robin (D:3)
  3 gnolls
  8 adders
  A river rat (Sewer)
  3 shadow imps
  2 ufetubi
  3 worms
  2 dart slugs
  25 orcs
  7 bats
  16 endoplasms
  5 giant cockroaches
  17 goblins
  4 hobgoblins
  7 jackals
  2 quokkas
  13 ball pythons
  3 frilled lizards
  10 kobolds
  4 rats
218 creatures vanquished.

Vanquished Creatures (others)
  2 gnolls (D:8)
2 creatures vanquished.

Grand Total: 220 creatures vanquished

Notes
Turn   | Place    | Note
-------+----------+-------------------------------------------
     0 | D:1      | Xavori the Vine Stalker Chaos Knight began the quest for
                  | the Orb.
     0 | D:1      | Reached XP level 1. HP: 11/11 MP: 2/2
    99 | D:1      | XOM: silly message
   104 | D:1      | XOM: silly message
   186 | D:1      | Reached XP level 2. HP: 16/16 MP: 3/3
   354 | D:1      | XOM: silly message
   558 | D:1      | XOM: silly message
   797 | D:1      | XOM: divination: detect creatures
  1190 | D:1      | XOM: silly message
  1212 | D:1      | XOM: silly message
  1941 | D:1      | XOM: silly message
  1993 | D:1      | XOM: silly message
  2781 | D:1      | XOM is BORED!
  4752 | D:1      | XOM: silly message
  5322 | D:1      | XOM: noise
  5407 | D:1      | XOM: cloud trail
  6119 | D:1      | XOM is BORED!
  6119 | D:1      | XOM: noise
  6327 | D:1      | XOM: god gift: red potion {god gift}
  6984 | D:1      | XOM: give mutations
  6984 | D:1      | Gained mutation: Your movements are slightly less
                  | encumbered by armour. (ER -2) [Xom's grace]
  6984 | D:1      | Gained mutation: You are resistant to electric shocks.
                  | (rElec) [Xom's grace]
  7111 | D:1      | XOM: give mutations
  7111 | D:1      | Gained mutation: You are partially covered in iridescent
                  | scales. (AC +2) [Xom's grace]
  7111 | D:1      | Gained mutation: You have an increased reservoir of magic.
                  | (+10% MP) [Xom's grace]
  7431 | D:1      | XOM: stat loss: -1 Dex (12/13)
  7451 | D:1      | XOM: god gift: yellow potion {god gift}
  7548 | D:1      | XOM is BORED!
  7548 | D:1      | XOM: draining
  9104 | D:1      | XOM: scenery: create altars
  9284 | D:1      | XOM: give mutation
  9284 | D:1      | Gained mutation: You expend magic power (3 MP) to
                  | strengthen your wands. [Xom's grace]
  9299 | D:2      | XOM: 1-stop teleportation journey
  9326 | D:2      | Reached XP level 3. HP: 15/17 MP: 2/4
  9461 | D:2      | Reached skill level 1 in Dodging
  9461 | D:2      | Reached skill level 1 in Spellcasting
  9623 | D:2      | Reached XP level 4. HP: 24/24 MP: 7/7
  9713 | D:2      | XOM: give mutations
  9713 | D:2      | Gained mutation: You have large cloven feet. [Xom's grace]
  9713 | D:2      | Gained mutation: Your flesh is cold resistant. (rC+) [Xom's
                  | grace]
  9713 | D:2      | Gained mutation: You are agile. (Dex +4, Str/Int -1) [Xom's
                  | grace]
  9713 | D:2      | Gained mutation: You are robust. (+10% HP) [Xom's grace]
  9768 | D:2      | XOM: give mutations
  9768 | D:2      | Gained mutation: You have a pair of small antennae on your
                  | head. [Xom's grace]
  9768 | D:2      | Gained mutation: Your muscles are strong. (Str +4, Int/Dex
                  | -1) [Xom's grace]
  9768 | D:2      | Gained mutation: Your spells are a little harder to cast,
                  | but a little more powerful. [Xom's grace]
  9768 | D:2      | Gained mutation: You possess an exceptional clarity of
                  | mind. [Xom's grace]
  9844 | D:2      | XOM: cloud trail
 10051 | D:3      | XOM: cloud trail
 10052 | D:3      | Noticed Terence
 10056 | D:3      | Killed Terence
 10057 | D:3      | Reached skill level 1 in Stealth
 10169 | D:3      | Noticed Natasha
 10177 | D:3      | Killed Natasha
 10201 | D:3      | Noticed Ijyb
 10214 | D:3      | Killed Ijyb
 10215 | D:3      | Reached XP level 5. HP: 27/30 MP: 5/9
 10281 | D:3      | XOM: give mutations
 10281 | D:3      | Gained mutation: You have a somewhat thin skeletal
                  | structure. (Dex +2, Stealth+) [Xom's grace]
 10281 | D:3      | Gained mutation: You are mostly covered in iridescent
                  | scales. (AC +4) [Xom's grace]
 10281 | D:3      | Gained mutation: You are strong-willed. (Will+) [Xom's
                  | grace]
 10419 | D:3      | Noticed Natasha
 10425 | D:3      | Killed Natasha
 10451 | D:3      | XOM: 3-stop teleportation journey
 10456 | D:3      | Reached skill level 2 in Stealth
 10744 | D:3      | Noticed Robin
 10745 | D:3      | XOM: silly message
 10772 | D:3      | Killed Robin
 10794 | D:3      | Noticed Natasha
 10809 | D:3      | Killed Natasha
 10810 | D:3      | Reached XP level 6. HP: 35/35 MP: 8/11
 11059 | D:4      | Reached skill level 3 in Stealth
 11114 | D:4      | Found Joeph's Self-Published Books.
 11485 | D:5      | Entered Level 5 of the Dungeon
 11497 | D:5      | XOM: silly message
 11513 | D:5      | Found Zotaneno's Book Boutique.
 11544 | D:5      | Reached XP level 7. HP: 30/39 MP: 10/13
 11613 | D:5      | Reached skill level 4 in Stealth
 11783 | D:5      | XOM: silly message
 11836 | D:5      | XOM: potion effect (might)
 11839 | D:5      | Reached skill level 5 in Stealth
 11842 | D:5      | Gained mutation: You have razor-sharp teeth. [Vine Stalker
                  | growth]
 11842 | D:5      | Reached XP level 8. HP: 35/46 MP: 10/15
 11843 | D:5      | Reached skill level 1 in Shapeshifting
 11844 | D:5      | XOM: potion effect (haste)
 11851 | D:5      | Found a glowing drain.
 11861 | Sewer    | Entered a sewer
 12014 | Sewer    | Found a shimmering altar of Xom.
 12391 | D:6      | Reached skill level 6 in Stealth
 12443 | D:6      | Reached skill level 5 in Short Blades
 12554 | D:6      | Found a staircase to the Ecumenical Temple.
 12621 | D:6      | XOM: divination: detect creatures
 12625 | D:6      | Reached XP level 9. HP: 47/50 MP: 16/18
 12635 | D:6      | Reached skill level 7 in Stealth
 12772 | D:6      | Reached skill level 5 in Spellcasting
 13214 | D:6      | Noticed Pikel
 13226 | D:6      | XOM: potion effect (haste)
 13231 | D:6      | Killed Pikel
 13372 | D:6      | XOM: summons 4 hostile demons
 13707 | D:7      | XOM: stat loss: -1 Int (9/10)
 13853 | D:7      | Reached skill level 5 in Fighting
 13853 | D:7      | Reached skill level 8 in Stealth
 14239 | D:7      | Reached XP level 10. HP: 56/56 MP: 19/21
 14260 | D:7      | XOM: give mutation
 14260 | D:7      | Lost mutation: Your flesh is cold resistant. (rC+) [Xom's
                  | mischief]
 14264 | D:7      | XOM: give mutations
 14264 | D:7      | Lost mutation: You are agile. (Dex +4, Str/Int -1) [Xom's
                  | mischief]
 14264 | D:7      | Lost mutation: Your spells are a little harder to cast, but
                  | a little more powerful. [Xom's mischief]
 14264 | D:7      | Lost mutation: You have large cloven feet. [Xom's mischief]
 14264 | D:7      | Lost mutation: You are mostly covered in iridescent scales.
                  | (AC +4) [Xom's mischief]
 14470 | D:7      | XOM: draining
 14478 | D:7      | XOM: torment (20/42 hp)
 14489 | D:7      | XOM: summons 4 hostile demons
 14500 | D:7      | XOM: smoke on damage
 14690 | D:7      | XOM: give mutations
 14690 | D:7      | Gained mutation: You have sharp toenails. [Xom's mischief]
 14690 | D:7      | Lost mutation: Your movements are slightly less encumbered
                  | by armour. (ER -2) [Xom's mischief]
 14690 | D:7      | Lost mutation: You have a somewhat thin skeletal structure.
                  | (Dex +2, Stealth+) [Xom's mischief]
 14690 | D:7      | Lost mutation: You expend magic power (3 MP) to strengthen
                  | your wands. [Xom's mischief]
 14734 | D:7      | XOM: polymorph yak -> rime drake
 14823 | D:8      | XOM: give mutations
 14823 | D:8      | Gained mutation: You occasionally lose the ability to read
                  | scrolls when taking damage. [Xom's mischief]
 14823 | D:8      | Lost mutation: You have an increased reservoir of magic.
                  | (+10% MP) [Xom's mischief]
 14891 | D:8      | Found a stormy altar of Qazlal.
 14892 | D:8      | Found an ornate altar of the Wu Jian Council.
 14893 | D:8      | Found a shimmering altar of Xom.
 14919 | D:8      | Noticed a green ugly thing
 14926 | D:8      | XOM: potion effect (invisibility)
 14932 | D:8      | XOM: enchant monster (bad)
 14933 | D:8      | Killed a green ugly thing
 14994 | D:8      | XOM: god gift: 41 gold pieces
 15085 | D:8      | XOM: god gift: viscous black potion {god gift}
 15382 | D:8      | Noticed a two-headed ogre
 15396 | D:8      | Killed a two-headed ogre
 15554 | D:8      | XOM: give mutations
 15554 | D:8      | Lost mutation: Your muscles are strong. (Str +4, Int/Dex
                  | -1) [Xom's mischief]
 15554 | D:8      | Lost mutation: You are partially covered in iridescent
                  | scales. (AC +2) [Xom's mischief]
 15554 | D:8      | Gained mutation: You are clumsy. (Dex -2) [Xom's mischief]
 15659 | D:8      | XOM: god gift: bubbling sapphire potion {god gift}
 15953 | D:9      | XOM: chaos upgrade
 15956 | D:9      | Noticed Joseph
 15968 | D:9      | XOM: chaos upgrade
 15970 | D:9      | HP: 1/58 [gnoll sergeant/+4 trident of chaos (4)]
 15975 | D:9      | Killed from afar by an orc wizard

Illustrated notes

Levels and vault maps discovered:
D:1:      psy_arrival_statuary, layout_basic
D:2:      layout_loops_ring
D:3:      layout_basic, serial_aquarium, aquarium_bridge_square
          [aquarium_subvault_wall, aquarium_subvault_window,
          aquarium_subvault_bridge, aquarium_subvault_window],
          aquarium_window_corner, aquarium_window_2, aquarium_view_2c,
          aquarium_balcony_3b, uniq_terence, uniq_ijyb, uniq_natasha, uniq_robin
D:4:      layout_cave_pools, nicolae_custom_books
D:5:      layout_gridville, cheibrodos_sewer_entry_sluice, serial_shops, shop
D:6:      layout_rooms, minmay_temple_entry_gardened_gates,
          serial_co_window_serial, co_window_paths_a, co_window_corner_a,
          co_window_corner_a, co_window_paths_a, co_window_paths_b,
          co_window_paths_a, co_window_2corner, co_window_unsneaky_path_d,
          co_window_2corner, co_window_4corner_a, co_window_4corner_b,
          glass_columns_b, glass_columns_a, minmay_misc_feat_five, uniq_pikel
D:7:      layout_basic, kennysheep_opposing_triangles
D:8:      layout_basic, chequers_temple_overflow_statue_of_worship,
          minmay_crystal_water, lemuel_flame_loot_1
D:9:      layout_roguey, nicolae_ru_path_of_blood,
          grunt_lair_entry_orc_guard_hut, serial_glass, glass_columns_b,
          glass_columns_b, glass_columns_a, glass_columns_a, glass_columns_b,
          glass_columns_a, glass_columns_a, glass_columns_a, glass_columns_b,
          glass_columns_a, glass_columns_a, glass_columns_c, glass_columns_a,
          glass_columns_c, minmay_strange_pillars, feat_on_display,
          feat_on_display, uniq_joseph, uniq_amaemon

Skill      XL: |  1  2  3  4  5  6  7  8  9 10 |
---------------+-------------------------------+-----
Fighting       | 3 4 5 |  5.8
Armour         | 2 3 |  3.5
Short Blades   | 3 4 5 6 7 |  7.5
Dodging        | 1 2 3 4 |  4.3
Spellcasting   | 1 2 3 4 6 7 |  7.1
Stealth        | 1 2 3 5 6 8 |  8.7
Shapeshifting  | 2 3 4 |  4.4

Action                     |  1- 3 |  4- 6 |  7- 9 | 10-12 || total
---------------------------+-------+-------+-------+-------++-------
  Melee: Short sword       |    87 |   144 |   252 |    47 ||   530
         Bite              |    19 |    39 |    86 |    65 ||   209
         Punch             |     1 |     1 |     6 |     1 ||     9
         Kick              |       |    43 |    77 |    44 ||   164
         Dagger            |       |       |       |   138 ||   138
    Use: Potion            |     2 |       |       |     3 ||     5
         Scroll            |       |     8 |     4 |     2 ||    14
   Stab: Sleeping          |       |    12 |    14 |     3 ||    29
         Paralysed         |       |       |     1 |       ||     1
         Distracted        |       |       |       |     2 ||     2
         Invisible         |       |       |       |     1 ||     1
 Armour: Leather armour    |    48 |    62 |   107 |   103 ||   320
  Dodge: Dodged            |    49 |    78 |   102 |    74 ||   303
   Form: Beast             |       |     1 |       |       ||     1

Table legend: (Time is in decaauts)
 A = Elapsed time spent in this place.
 B = Non-inter-level travel time spent in this place.
 C = Inter-level travel time spent in this place.
 D = Time resting spent in this place.
 E = Time spent auto-exploring this place.
 F = Levels seen in this place.
 G = Mean time per level.
                   A        B        C        D        E       F      G
               +--------+--------+--------+--------+--------+-----+--------+
         Total |  15799 |  15514 |    285 |   8833 |   5231 |  10 | 1579.9 |
       Dungeon |  15457 |  15172 |    285 |   8833 |   5046 |   9 | 1717.4 |
         Sewer |    342 |    342 |      0 |      0 |    185 |   1 |  342.0 |
               +--------+--------+--------+--------+--------+-----+--------+

Top non-repeatable levels by time:
     D:1: 9279 daAuts
     D:7: 1252 daAuts
     D:8: 1083 daAuts
     D:6: 1015 daAuts
     D:3: 827 daAuts
     D:2: 759 daAuts
     D:4: 586 daAuts
     D:5: 532 daAuts
   Sewer: 342 daAuts
     D:9: 120 daAuts
